 Dungeon Crawl Stone Soup version 0.16.0-16-g311141a (console) character file.

1593 gw the Cleaver (level 8, -5/71 HPs)
             Began as a Hill Orc Fighter on Mar 20, 2015.
             Killed from afar by a kobold (12 damage)
             ... with a wand of lightning
             ... on level 7 of the Dungeon.
             The game lasted 00:06:33 (6205 turns).

gw the Cleaver (Hill Orc Fighter)                   Turns: 6205, Time: 00:06:33

Health: -5/71      AC: 12    Str: 19    XL:     8   Next: 93%
Magic:  8/8        EV:  4    Int:  8    God:
Gold:   186        SH: 10    Dex: 12    Spells: 0 memorised, 7 levels left

rFire  . . .     SeeInvis .     a - +1 war axe
rCold  . . .     Clarity  .     l - +0 plate armour
rNeg   . . .     SustAb   .     c - +0 shield
rPois  .         Gourm    .     (no helmet)
rElec  .         Spirit   .     (no cloak)
rCorr  .         Warding  .     (no gloves)
rMut   .         Stasis   .     (no boots)
MR     .....                    m - amulet of inaccuracy (curse)
Stlth  ..........               (no ring)
                                (no ring)

@: not resistant to hostile enchantments, extremely unstealthy
A: no striking features
a: no special abilities


You were on level 7 of the Dungeon.
You were not hungry.

You visited 1 branch of the dungeon, and saw 6 of its levels.

You collected 186 gold pieces.

Inventory:

Hand weapons
 a - a +1 war axe (weapon)
Missiles
 e - 30 poisoned needles
 f - 104 stones (quivered)
Armour
 c - a +0 shield (worn)
 l - a +0 plate armour (worn)
Jewellery
 m - a cursed amulet of inaccuracy (around neck)
Magical devices
 h - a wand of flame (0)
 i - a wand of slowing (31)
Scrolls
 k - a scroll of random uselessness {unknown}
 p - 2 scrolls of fog
Potions
 b - 3 potions of curing
 o - a potion of cure mutation
Comestibles
 d - 2 meat rations
 g - 2 fruits
 j - 4 bread rations


   Skills:
 + Level 6.5 Fighting
 * Level 8.7 Axes
 + Level 4.1 Throwing
 + Level 5.9 Armour
 + Level 5.6 Shields


You had 7 spell levels left.
You didn't know any spells.

Dungeon Overview and Level Annotations

Branches:
Dungeon (7/15)             Temple (0/1) D:7

Altars:
Dithmenos
Nemelex Xobeh
Okawaru
Sif Muna
Vehumet


Message History

Unknown command.
Unknown command.
Unknown command.
ATTACK MOVE TO (0,-1)
The kobold zaps a wand.
The bolt of lightning hits you!
Found a papyrus book.
Unknown command.
Unknown command.
Unknown command.
Unknown command.
ATTACK MOVE TO (0,-1)
The kobold zaps a wand.
The bolt of lightning hits you!
Found a scroll labeled WEUKAS RIONOO.
Unknown command.
Unknown command.
Unknown command.
Unknown command.
ATTACK MOVE TO (0,-1)
The kobold zaps a wand.
The bolt of lightning hits you!
You die...

... .....?..#
(........#.
.....?.(:..##
.......(...#.#
.....K..... .
.......# .. #.....#
###' #o.# #....
#..####..# #
.#.###.#.......# #
.'.#>#.'..####.#
#.# ##.#'#.##.##
....
#.....#...#####.#.#
### ###'#
#.#.........# # #.
...#.#####.... # #
#####.#


You could see a kobold.

Table legend:
 A = Turns spent in this place as a percentage of turns spent in the entire game.
 B = Non-inter-level travel turns spent in this place as a percentage of non-inter-level travel turns spent in the entire game.
 C = Inter-level travel turns spent in this place as a percentage of turns spent in this place.
 D = Turns resting spent in this place as a percentage of non-inter-level travel turns spent in this place.
 E = Turns spent auto-exploring this place as a percentage of non-inter-level travel turns spent in this place.
 F = Non-inter-level travel turns spent in this place divided by the number of levels of this place that you've seen.
                   A       B       C       D       E      F
               +-------+-------+-------+-------+-------+----------------------
         Total | 100.0 | 100.0 |   0.5 |   1.0 |   2.4 | 1441.8
       Dungeon | 100.0 | 100.0 |   0.5 |   1.0 |   2.4 | 1441.8
               +-------+-------+-------+-------+-------+----------------------

Table legend:
 A = Kills in this place as a percentage of kills in entire the game.
 B = Kills by you in this place as a percentage of kills by you in the entire game.
 C = Kills by friends in this place as a percentage of kills by friends in the entire game.
 D = Other kills in this place as a percentage of other kills in the entire game.
 E = Experience gained in this place as a percentage of experience gained in the entire game.
 F = Experience gained in this place divided by the number of levels of this place that you have seen.
                   A       B       C       D       E      F
               +-------+-------+-------+-------+-------+----------------------
         Total | 100.0 | 100.0 |  -nan |  -nan | 100.0 | 379.5
       Dungeon | 100.0 | 100.0 |  -nan |  -nan | 100.0 | 379.5
               +-------+-------+-------+-------+-------+----------------------

Vanquished Creatures
  The ghost of GrooTW the Gusty, an average TeAE of Ru (D:3)
  2 hippogriffs (D:7)
  2 phantoms (D:4)
  2 ogres
  2 centaurs (D:7)
  A gnoll sergeant (D:4)
  2 giant frogs (D:7)
  3 hounds
  A centaur skeleton (D:4)
  An orc wizard (D:4)
  4 worker ants (D:4)
  6 gnolls (D:4)
  2 giant mites
  A worm (D:2)
  11 adders
  2 giant geckos
  3 oozes
  9 orcs
  2 ball pythons
  7 bats
  A bat skeleton (D:4)
  3 giant cockroaches
  6 hobgoblins
  10 kobolds
  6 giant newts
  6 goblins
  2 jackals (D:7)
  A jackal skeleton (D:4)
  4 quokkas (D:2)
  A quokka zombie (D:7)
  9 rats
113 creatures vanquished.

Notes
Turn   | Place    | Note
--------------------------------------------------------------
     0 | D:1      | gw, the Hill Orc Fighter, began the quest for the Orb.
     0 | D:1      | Reached XP level 1. HP: 19/19 MP: 1/1
   179 | D:1      | Reached XP level 2. HP: 25/27 MP: 2/2
   709 | D:1      | Reached skill level 4 in Fighting
   713 | D:1      | Reached XP level 3. HP: 19/33 MP: 3/3
  1307 | D:2      | Reached skill level 1 in Throwing
  1627 | D:2      | Reached XP level 4. HP: 40/40 MP: 4/4
  1983 | D:2      | Found a sparkling altar of Nemelex Xobeh.
  1985 | D:2      | Found a deep blue altar of Sif Muna.
  1988 | D:2      | Found a shadowy altar of Dithmenos.
  2441 | D:3      | Noticed GrooTW's ghost (average TeAE)
  2451 | D:3      | Killed GrooTW's ghost
  2451 | D:3      | Reached skill level 5 in Axes
  2451 | D:3      | Reached XP level 5. HP: 22/47 MP: 5/5
  2451 | D:3      | Reached XP level 6. HP: 25/55 MP: 6/6
  2871 | D:3      | Reached skill level 5 in Fighting
  3534 | D:4      | Reached XP level 7. HP: 61/61 MP: 7/7
  3648 | D:4      | Reached skill level 6 in Axes
  3942 | D:4      | Found an iron altar of Okawaru.
  4275 | D:4      | Reached skill level 5 in Armour
  4708 | D:4      | Reached skill level 7 in Axes
  4841 | D:4      | Reached XP level 8. HP: 63/70 MP: 8/8
  4855 | D:4      | HP: 3/70 [gnoll/flail (1)]
  5465 | D:5      | Entered Level 5 of the Dungeon
  5558 | D:5      | You fall through a shaft for 2 floors!
  5574 | D:7      | Reached skill level 5 in Shields
  5731 | D:7      | Found a radiant altar of Vehumet.
  5745 | D:7      | Reached skill level 8 in Axes
  6197 | D:7      | Found a staircase to the Ecumenical Temple.
  6205 | D:7      | Killed from afar by a kobold

Action                   |  1- 3 |  4- 6 |  7- 9 || total
-------------------------+-------+-------+-------++-------
Melee: War axe           |    77 |   113 |   186 ||   376
Throw: Stone             |    97 |    61 |    76 ||   234
       Javelin           |       |     5 |       ||     5
       Tomahawk          |       |     2 |     1 ||     3
Evoke: Wand              |       |     7 |       ||     7
  Use: Potion            |     3 |     5 |     1 ||     9
       Scroll            |     1 |     5 |     2 ||     8
  Eat: Chunk             |     2 |     7 |     8 ||    17

Vault maps used:
D:1:      eino_arrival_druids_welcome
D:2:      grunt_temple_overflow_diamond, minmay_misc_feat_pillars
D:3:      kennysheep_big_empty_room
D:4:      okawaru_metal_pillars_1_2, st_stairs_4, lightli_minifort
D:5:      old_standard_altar, first_bread, serial_shops,
          nicolae_shop_statue_plus, grunt_decor_resistance
D:7:      old_standard_altar, minmay_temple_entry_glassed_door, grunt_livestock
